 Dungeon Crawl Stone Soup version 0.25.0-26-g0c896c7088 (webtiles) character file.

Game seed: 6942285762484575496

187 Dirian the Chopper (level 5, 0/46 HPs)
             Began as a Minotaur Fighter on July 1, 2020.
             Killed from afar by a dart slug (4 damage)
             ... with a slug dart
             ... on level 3 of the Dungeon.
             The game lasted 00:02:08 (1933 turns).

Dirian the Chopper (Minotaur Fighter)               Turns: 1933, Time: 00:02:08

Health: 0/46       AC:  7    Str: 21    XL:     5   Next: 39%
Magic:  4/4        EV:  7    Int:  5    God:
Gold:   121        SH:  9    Dex: 10    Spells: 4/4 levels left

rFire    . . .     SeeInvis .   a - +0 war axe
rCold    . . .     Gourm    .   c - +0 kite shield
rNeg     . . .     Faith    .   b - +0 scale mail
rPois    .         Spirit   .   (helmet restricted)
rElec    .         Reflect  .   (no cloak)
rCorr    .         Harm     .   (no gloves)
MR       +....                  (no boots)
Stlth    ..........             (no amulet)
HPRegen  0.15/turn              q - ring of protection from magic
MPRegen  0.09/turn              (no ring)

@: mighty
A: retaliatory headbutt, horns 2
a: no special abilities


You were on level 3 of the Dungeon.
You were not hungry.

You visited 1 branch of the dungeon, and saw 3 of its levels.

You collected 121 gold pieces.

Inventory:

Hand Weapons
 a - a +0 war axe (weapon)
Armour
 b - a +0 scale mail (worn)
 c - a +0 kite shield (worn)
Jewellery
 j - an uncursed amulet of magic regeneration {unknown}
 q - a ring of protection from magic (left hand)
 s - an uncursed ring of ice
Scrolls
 f - 2 scrolls of teleportation {unknown}
 h - 3 scrolls of identify {unknown}
 i - a scroll of amnesia {unknown}
 k - a scroll of magic mapping {unknown}
 l - a scroll of enchant weapon {unknown}
 p - a scroll of remove curse {unknown}
Potions
 d - a potion of might
 g - 2 potions of flight {unknown}
 n - a potion of haste {unknown}
 o - a potion of invisibility {unknown}
 r - a potion of curing {unknown}
Comestibles
 e - 5 rations
 m - 4 chunks of flesh


   Skills:
 + Level 4.3 Fighting
 * Level 5.3 Axes
 + Level 4.2 Armour
 + Level 4.5 Shields


You had 4 spell levels left.
You didn't know any spells.
Your spell library was empty.

Dungeon Overview and Level Annotations

Branches:
Dungeon (3/15)

Altars:
Dithmenos
The Shining One


Innate Abilities, Weirdness & Mutations

You reflexively headbutt those who attack you in melee.
You have a pair of horns on your head.


Message History

The orc priest calls down the wrath of Beogh upon you.
Beogh smites you!
* * * LOW HITPOINT WARNING * * *
You block the orc priest's attack.
You slash the orc priest!
The orc priest is severely wounded.
The orc priest invokes the aid of Beogh against you.
You resist with some effort.
You slash the orc priest!
You kill the orc priest!
Your Axes skill increases to level 5!
You have reached level 5!
You barely miss the orc priest. Your headbutt misses the orc priest.
The orc priest miscasts a cantrip.
The orc priest barely misses you.
You slice the orc priest!!
You kill the orc priest!
The dart slug launches a dart at you. The slug dart hits you.
You die...

######## .......
###....#
........#
...#....#
....[...########
#...)@).w....
...###.########
#.#####.#
###.......#.# .
#....####.#.#..
#....####+#...
#..........#
####..........#
#.............#


You could see a dart slug.

Vanquished Creatures
  2 orc priests (D:3)
  4 gnolls (D:2)
  An adder (D:2)
  An ooze (D:2)
  2 worms (D:2)
  3 dart slugs (D:1)
  2 leopard geckos (D:1)
  5 orcs
  A ball python (D:2)
  4 bats
  A giant cockroach (D:1)
  4 goblins
  6 hobgoblins
  8 jackals
  6 kobolds
  2 quokkas
  A frilled lizard (D:2)
  3 rats
56 creatures vanquished.

Notes
Turn   | Place    | Note
-------+----------+-------------------------------------------
     0 | D:1      | Dirian the Minotaur Fighter began the quest for the Orb.
     0 | D:1      | Reached XP level 1. HP: 19/19 MP: 0/0
   130 | D:1      | Reached XP level 2. HP: 27/27 MP: 1/1
   367 | D:1      | Reached skill level 3 in Axes
   444 | D:1      | Found a glowing golden altar of the Shining One.
   581 | D:1      | Reached XP level 3. HP: 28/33 MP: 2/2
  1188 | D:2      | Reached skill level 4 in Axes
  1188 | D:2      | Reached XP level 4. HP: 15/40 MP: 3/3
  1689 | D:2      | Found a shadowy altar of Dithmenos.
  1931 | D:3      | Reached skill level 5 in Axes
  1931 | D:3      | Reached XP level 5. HP: 4/46 MP: 4/4
  1933 | D:3      | Killed from afar by a dart slug

Illustrated notes

Levels and vault maps discovered:
D:1:      nzn_arrival_crosshair, layout_basic, tso_metal_star
D:2:      layout_basic, old_standard_altar, first_ration
D:3:      layout_basic, lemuel_coloured_pillars_altar, uniq_grinder

Skill      XL: |  1  2  3  4 |
---------------+-------------+-----
Shields        | 4 |  4.5
Axes           | 3 4 5 |  5.3
Armour         | 4 |  4.2
Fighting       | 4 |  4.3

Action                   |  1- 3 |  4- 6 || total
-------------------------+-------+-------++-------
Melee: War axe           |    83 |    46 ||   129
       Headbutt          |    14 |     8 ||    22
  Use: Potion            |       |     1 ||     1
  Eat: Chunk             |     1 |     2 ||     3
Armor: Scale mail        |    43 |    13 ||    56
Dodge: Dodged            |    31 |    17 ||    48
Block: Kite shield       |    62 |    29 ||    91
